PBL
COLUMBUS REDS @ WINNIPEG GOLDEYES
05/28/2044
 
TOP OF THE 1ST
Columbus Reds batting - Pitching for Winnipeg Goldeyes : RHP Bud Puffer
Pitching: RHP Bud Puffer
Batting: RHB Sang-ton Pak 0-0: Ball
1-0: Ground out 1-3 (Groundball, 34S, EV 64.4 MPH)
Batting: RHB Pat McCoy 0-0: Foul Ball, location: 2F
0-1: Called Strike
0-2: Fly out, F8 (Flyball, 89D, EV 108.8 MPH)
Batting: LHB Chris Redhead 0-0: Ball
1-0: SINGLE (Flyball, 78S, EV 85.0 MPH)
Batting: RHB Nick Miller 0-0: SINGLE (Flyball, 56D, EV 83.1 MPH)
Chris Redhead to second
Batting: LHB Tim Kirk 0-0: SINGLE (Groundball, 4D, EV 103.1 MPH)
Chris Redhead to third
Nick Miller to second
Runner from 3rd tries for Home, throw by CF and OUT! 8-2
Top of the 1st over - 0 runs, 3 hits, 0 errors, 2 left on base; Columbus 0 - Winnipeg 0
BOTTOM OF THE 1ST
Winnipeg Goldeyes batting - Pitching for Columbus Reds : LHP Keith Egan
Pitching: LHP Keith Egan
Batting: RHB John Dew 0-0: Foul Ball, location: 2F
0-1: Ball
1-1: SOLO HOME RUN (Flyball, 7LD, EV 95.0 MPH), Distance : 358 ft
Batting: RHB David McClellan 0-0: Foul Ball, location: 2F
0-1: Ground out 6-3 (Groundball, 6, EV 100.0 MPH)
Batting: RHB Steve Raine 0-0: Ball
1-0: Ball
2-0: Ball
3-0: Base on Balls
Batting: SHB Ian Thompson 0-0: Ball
1-0: Called Strike
1-1: Called Strike
1-2: Strikes out swinging
Batting: LHB Marvin Shepherd 0-0: Ball
1-0: SINGLE (Groundball, 34D, EV 94.4 MPH)
Steve Raine to second
Runner from 2nd tries for 3rd, SAFE, throw by RF made to third
Batting: LHB Kuemon Shishido 0-0: Called Strike
0-1: Ball
1-1: Ball
2-1: SINGLE (Line Drive, 78S, EV 101.3 MPH)
Steve Raine scores
Marvin Shepherd to second
Batting: RHB Antonio Santos 0-0: Ball
1-0: Foul Ball, location: 2F
1-1: Foul Ball, location: 2F
1-2: Ground out 4-3 (Groundball, 4S, EV 87.5 MPH)
Bottom of the 1st over - 2 runs, 3 hits, 0 errors, 2 left on base; Columbus 0 - Winnipeg 2
TOP OF THE 2ND
Columbus Reds batting - Pitching for Winnipeg Goldeyes : RHP Bud Puffer
Batting: RHB R.J. Romberg 0-0: Ball
1-0: Called Strike
1-1: Ball
2-1: Called Strike
2-2: Foul Ball, location: 2F
2-2: Foul Ball, location: 2F
2-2: Foul Ball, location: 2F
2-2: Ground out 5-3 (Groundball, 5, EV 78.1 MPH)
Batting: RHB Fred Barbour 0-0: Ball
1-0: Swinging Strike
1-1: Swinging Strike
1-2: Strikes out looking
Batting: RHB Alex Villagomez 0-0: Ball
1-0: SINGLE (Groundball, 6MD, EV 97.5 MPH)
Batting: LHB Elijah Benton 0-0: Called Strike
0-1: Called Strike
0-2: Ball
1-2: Foul Ball, location: 2F
1-2: Ball
2-2: Strikes out swinging
Top of the 2nd over - 0 runs, 1 hit, 0 errors, 1 left on base; Columbus 0 - Winnipeg 2
BOTTOM OF THE 2ND
Winnipeg Goldeyes batting - Pitching for Columbus Reds : LHP Keith Egan
Batting: RHB Ton van Dijk 0-0: Ball
1-0: Swinging Strike
1-1: Swinging Strike
1-2: Ball
2-2: Ball
3-2: Strikes out looking
Batting: LHB Brian Wagner 0-0: Swinging Strike
0-1: Fly out, F3 (Flyball, 3D, EV 82.5 MPH)
Batting: RHB John Dew 0-0: Ball
1-0: Called Strike
1-1: Called Strike
1-2: Ball
2-2: Strikes out swinging
Bottom of the 2nd over - 0 runs, 0 hits, 0 errors, 0 left on base; Columbus 0 - Winnipeg 2
TOP OF THE 3RD
Columbus Reds batting - Pitching for Winnipeg Goldeyes : RHP Bud Puffer
Batting: RHB Sang-ton Pak 0-0: Ball
1-0: Ball
2-0: SINGLE (Line Drive, 8LM, EV 99.4 MPH)
Pitching: RHP Tom Winsor
Batting: RHB Pat McCoy 0-0: Ball
1-0: Fly out, F9 (Flyball, 9, EV 98.1 MPH)
Batting: LHB Chris Redhead 0-0: Ball
Sang-ton Pak steals 2nd base
1-0: Ball
2-0: Called Strike
2-1: Fly out, F6 (Flyball, 6D, EV 88.8 MPH)
Batting: RHB Nick Miller 0-0: Ball
1-0: Fly out, F3 (Line Drive, 3, EV 67.5 MPH)
Top of the 3rd over - 0 runs, 1 hit, 0 errors, 1 left on base; Columbus 0 - Winnipeg 2
BOTTOM OF THE 3RD
Winnipeg Goldeyes batting - Pitching for Columbus Reds : LHP Keith Egan
Batting: RHB David McClellan 0-0: Foul Ball, location: 2F
0-1: Ball
1-1: Foul Ball, location: 2F
1-2: Strikes out swinging
Batting: RHB Steve Raine 0-0: Ball
1-0: Ball
2-0: Called Strike
2-1: Foul Ball, location: 2F
2-2: Strikes out swinging
Batting: SHB Ian Thompson 0-0: Ball
1-0: Called Strike
1-1: Ground out 6-3 (Groundball, 6D, EV 86.3 MPH)
Bottom of the 3rd over - 0 runs, 0 hits, 0 errors, 0 left on base; Columbus 0 - Winnipeg 2
TOP OF THE 4TH
Columbus Reds batting - Pitching for Winnipeg Goldeyes : RHP Tom Winsor
Batting: LHB Tim Kirk 0-0: Called Strike
0-1: Ball
1-1: Called Strike
1-2: Ball
2-2: Ball
3-2: Fly out, F9 (Flyball, 89D, EV 105.6 MPH)
Batting: RHB R.J. Romberg 0-0: Ball
1-0: Swinging Strike
1-1: Ball
2-1: Ball
3-1: Base on Balls
Pitching: RHP Tim Weller
Batting: RHB Fred Barbour 0-0: Called Strike
0-1: Ball
1-1: Grounds into double play, 5-4-3 (Groundball, 5, EV 90.6 MPH)
Top of the 4th over - 0 runs, 0 hits, 0 errors, 0 left on base; Columbus 0 - Winnipeg 2
BOTTOM OF THE 4TH
Winnipeg Goldeyes batting - Pitching for Columbus Reds : LHP Keith Egan
Batting: LHB Marvin Shepherd 0-0: Ball
1-0: Foul Ball, location: 2F
1-1: Ball
2-1: Ball
3-1: Base on Balls
Batting: LHB Kuemon Shishido 0-0: Ball
1-0: Ball
Marvin Shepherd steals 2nd base
2-0: Called Strike
2-1: Ground out U3 (Groundball, 3L, EV 77.5 MPH)
Marvin Shepherd to third
Batting: RHB Antonio Santos 0-0: Ball
1-0: Foul Ball, location: 2F
1-1: Fly out, F8 (Flyball, 8LD, EV 101.3 MPH)
Runner from 3rd tags up, OUT at HOME! 8-2
Bottom of the 4th over - 0 runs, 0 hits, 0 errors, 0 left on base; Columbus 0 - Winnipeg 2
TOP OF THE 5TH
Columbus Reds batting - Pitching for Winnipeg Goldeyes : RHP Tim Weller
Batting: RHB Alex Villagomez 0-0: Ball
1-0: Swinging Strike
1-1: Reached on error, E5 (Groundball, 56S, EV 88.1 MPH)
Batting: LHB Elijah Benton 0-0: Ball
1-0: Ball
2-0: Ball
3-0: Called Strike
3-1: Called Strike
3-2: Foul Ball, location: 2F
3-2: Base on Balls
Alex Villagomez to second
Batting: RHB Sang-ton Pak 0-0: Ball
1-0: Called Strike
1-1: Foul Ball, location: 2F
1-2: Ball
2-2: Fly out, F7 (Flyball, 78S, EV 82.5 MPH)
Pitching: LHP Kevin Drew
Batting: RHB Pat McCoy 0-0: Called Strike
0-1: Fly out, F8 (Flyball, 8LD, EV 80.6 MPH)
Batting: LHB Chris Redhead 0-0: Ball
1-0: Called Strike
1-1: Foul Ball, location: 2F
1-2: Ball
2-2: 3-RUN HOME RUN (Flyball, 9LD, EV 98.1 MPH), Distance : 357 ft
Batting: RHB Nick Miller 0-0: Called Strike
0-1: Called Strike
0-2: Ball
1-2: Ball
2-2: Foul Ball, location: 2F
2-2: Foul Ball, location: 2F
2-2: Ball
3-2: Foul Ball, location: 2F
3-2: Foul Ball, location: 2F
3-2: SINGLE (Flyball, 34D, EV 89.4 MPH)
Batting: LHB Tim Kirk 0-0: Ball
1-0: Fly out, F7 (Flyball, 7LS, EV 88.8 MPH)
Top of the 5th over - 3 runs, 2 hits, 1 error, 1 left on base; Columbus 3 - Winnipeg 2
BOTTOM OF THE 5TH
Winnipeg Goldeyes batting - Pitching for Columbus Reds : LHP Keith Egan
Batting: RHB Ton van Dijk 0-0: Called Strike
0-1: Ball
1-1: Called Strike
1-2: Ball
2-2: Strikes out swinging
Batting: LHB Brian Wagner 0-0: Ground out 5-3 (Groundball, 5, EV 108.1 MPH)
Batting: RHB John Dew 0-0: Ball
1-0: Foul Ball, location: 2F
1-1: Ball
2-1: Foul Ball, location: 2F
2-2: Ball
3-2: Foul Ball, location: 2F
3-2: Base on Balls
Batting: RHB David McClellan 0-0: Foul Ball, location: 2F
0-1: Ball
1-1: DOUBLE (Groundball, 5L, EV 98.1 MPH)
John Dew to third
Runner from 3rd tries for Home, SAFE, no throw by LF
Batting: RHB Steve Raine 0-0: Swinging Strike
0-1: Ball
1-1: Foul Ball, location: 2F
1-2: Strikes out swinging
Bottom of the 5th over - 1 run, 1 hit, 0 errors, 1 left on base; Columbus 3 - Winnipeg 3
TOP OF THE 6TH
Columbus Reds batting - Pitching for Winnipeg Goldeyes : LHP Kevin Drew
Pitching: RHP Chad Brock
Batting: RHB R.J. Romberg 0-0: Ball
1-0: SOLO HOME RUN (Flyball, 9D, EV 103.1 MPH), Distance : 393 ft
Batting: RHB Fred Barbour 0-0: Fly out, F8 (Flyball, 8RS, EV 91.3 MPH)
Batting: RHB Alex Villagomez 0-0: Ball
1-0: Fly out, F7 (Line Drive, 7S, EV 87.5 MPH)
Batting: LHB Elijah Benton 0-0: Ball
1-0: Ball
2-0: Ball
3-0: Base on Balls
Batting: RHB Sang-ton Pak 0-0: Called Strike
0-1: Fly out, F6 (Popup, 6M, EV 49.4 MPH)
Top of the 6th over - 1 run, 1 hit, 0 errors, 1 left on base; Columbus 4 - Winnipeg 3
BOTTOM OF THE 6TH
Winnipeg Goldeyes batting - Pitching for Columbus Reds : LHP Keith Egan
Batting: SHB Ian Thompson 0-0: Ball
1-0: Ball
2-0: Foul Ball, location: 2F
2-1: Foul Ball, location: 2F
2-2: Strikes out swinging
Batting: LHB Marvin Shepherd 0-0: Ball
1-0: Ball
2-0: Foul Ball, location: 2F
2-1: Ground out U3 (Groundball, 3, EV 90.0 MPH)
Batting: LHB Kuemon Shishido 0-0: Swinging Strike
0-1: Swinging Strike
0-2: Ground out 3-1 (Groundball, 34, EV 110.6 MPH)
Bottom of the 6th over - 0 runs, 0 hits, 0 errors, 0 left on base; Columbus 4 - Winnipeg 3
TOP OF THE 7TH
Columbus Reds batting - Pitching for Winnipeg Goldeyes : RHP Chad Brock
Batting: RHB Pat McCoy 0-0: Called Strike
0-1: Ball
1-1: Fly out, F4 (Popup, 4S, EV 69.4 MPH)
Batting: LHB Chris Redhead 0-0: Ball
1-0: Called Strike
1-1: Ball
2-1: Ball
3-1: Base on Balls
Pitching: RHP Larry Muttart
Batting: RHB Nick Miller 0-0: Ball
Chris Redhead is caught stealing 2nd base 2-4
1-0: Ball
2-0: Called Strike
2-1: Ball
3-1: Called Strike
3-2: Strikes out swinging
Top of the 7th over - 0 runs, 0 hits, 0 errors, 0 left on base; Columbus 4 - Winnipeg 3
BOTTOM OF THE 7TH
Winnipeg Goldeyes batting - Pitching for Columbus Reds : LHP Keith Egan
Batting: RHB Antonio Santos 0-0: Foul Ball, location: 2F
0-1: Ground out 6-3 (Groundball, 6M, EV 81.3 MPH)
Batting: RHB Ton van Dijk 0-0: Foul Ball, location: 2F
0-1: Called Strike
0-2: Foul Ball, location: 2F
0-2: Ball
1-2: Ball
2-2: Ball
3-2: DOUBLE (Line Drive, 89D, EV 109.4 MPH)
Batting: LHB Brian Wagner 0-0: Swinging Strike
0-1: Ball
1-1: Foul Ball, location: 2F
1-2: Ball
2-2: Ball
3-2: Strikes out swinging
Batting: RHB John Dew 0-0: Called Strike
0-1: Foul Ball, location: 2F
0-2: Ball
1-2: Strikes out swinging
Bottom of the 7th over - 0 runs, 1 hit, 0 errors, 1 left on base; Columbus 4 - Winnipeg 3
TOP OF THE 8TH
Columbus Reds batting - Pitching for Winnipeg Goldeyes : RHP Larry Muttart
Batting: LHB Tim Kirk 0-0: Ball
1-0: Ball
2-0: Fly out, F9 (Flyball, 9LM, EV 108.8 MPH)
Batting: RHB R.J. Romberg 0-0: Called Strike
0-1: Foul Ball, location: 2F
0-2: Ball
1-2: Foul Ball, location: 2F
1-2: Ball
2-2: Ground out 5-3 (Groundball, 56, EV 101.9 MPH)
Batting: RHB Fred Barbour 0-0: Ball
1-0: Ball
2-0: Ball
3-0: Base on Balls
Pitching: RHP Scot Abbott
Batting: RHB Alex Villagomez 0-0: Ball
1-0: SINGLE (Line Drive, 8RS, EV 108.8 MPH)
Fred Barbour to second
Batting: LHB Elijah Benton 0-0: Foul Ball, location: 2F
0-1: Swinging Strike
0-2: Ball
1-2: Ball
2-2: Ball
3-2: SINGLE (Groundball, 6D, EV 98.1 MPH)
Fred Barbour to third
Alex Villagomez to second
Fred Barbour scores
Alex Villagomez to third
Batting: RHB Sang-ton Pak 0-0: Called Strike
0-1: Ball
1-1: Fly out, F8 (Line Drive, 8RM, EV 103.8 MPH)
Top of the 8th over - 1 run, 2 hits, 0 errors, 2 left on base; Columbus 5 - Winnipeg 3
BOTTOM OF THE 8TH
Winnipeg Goldeyes batting - Pitching for Columbus Reds : LHP Keith Egan
Batting: RHB David McClellan 0-0: Ball
1-0: Swinging Strike
1-1: Called Strike
1-2: Ball
2-2: Ball
3-2: Base on Balls
Batting: RHB Steve Raine 0-0: Ball
1-0: Called Strike
1-1: Foul Ball, location: 2F
1-2: Foul Ball, location: 2F
1-2: Ball
2-2: Ball
3-2: Fly out, F9 (Flyball, 9LS, EV 91.3 MPH)
Batting: SHB Ian Thompson 0-0: Called Strike
0-1: Ball
1-1: Swinging Strike
1-2: Strikes out swinging
Pinch Hitting: RHB Willie Jimenez 0-0: Ball
1-0: Swinging Strike
1-1: Ball
2-1: Called Strike
2-2: Strikes out swinging
Bottom of the 8th over - 0 runs, 0 hits, 0 errors, 1 left on base; Columbus 5 - Winnipeg 3
TOP OF THE 9TH
Columbus Reds batting - Pitching for Winnipeg Goldeyes : RHP Scot Abbott
Now in LF: Willie Jimenez
Batting: RHB Pat McCoy 0-0: Ball
1-0: Foul Ball, location: 2F
1-1: Ball
2-1: Ball
3-1: Base on Balls
Batting: LHB Chris Redhead 0-0: Ball
1-0: Called Strike
1-1: Foul Ball, location: 2F
1-2: Foul Ball, location: 2F
1-2: Ball
2-2: Foul Ball, location: 2F
2-2: Ball
3-2: Base on Balls
Pat McCoy to second
Pitching: LHP David Gordon
Batting: RHB Nick Miller 0-0: Ball
1-0: Ball
2-0: Grounds into double play, 4-6-3 (Groundball, 4, EV 81.3 MPH)
Pat McCoy to third
Batting: LHB Tim Kirk 0-0: Foul Ball, location: 2F
0-1: Ball
1-1: Ball
2-1: SINGLE (Line Drive, 9S, EV 90.6 MPH)
Pat McCoy scores
Batting: RHB R.J. Romberg 0-0: Foul Ball, location: 2F
0-1: Ball
1-1: Swinging Strike
1-2: Strikes out swinging
Top of the 9th over - 1 run, 1 hit, 0 errors, 1 left on base; Columbus 6 - Winnipeg 3
BOTTOM OF THE 9TH
Winnipeg Goldeyes batting - Pitching for Columbus Reds : LHP Keith Egan
Batting: LHB Kuemon Shishido 0-0: Called Strike
0-1: Ball
1-1: Ground out 3-1 (Groundball, 34S, EV 88.8 MPH)
Batting: RHB Antonio Santos 0-0: Ball
1-0: Ball
2-0: Ball
3-0: Base on Balls
Batting: RHB Ton van Dijk 0-0: Ball
1-0: Foul Ball, location: 2F
1-1: Called Strike
1-2: Foul Ball, location: 2F
1-2: Strikes out swinging
Pinch Hitting: RHB Dave Berry 0-0: Called Strike
0-1: Foul Ball, location: 2F
0-2: Ball
1-2: SINGLE (Groundball, 6D, EV 93.8 MPH)
Antonio Santos to second
Batting: RHB John Dew 0-0: Swinging Strike
0-1: Foul Ball, location: 2F
0-2: Ball
1-2: Foul Ball, location: 2F
1-2: Ball
2-2: Fielders Choice at 2nd, 5-4 (Groundball, 56D, EV 81.9 MPH)
Bottom of the 9th over - 0 runs, 1 hit, 0 errors, 2 left on base; Columbus 6 - Winnipeg 3
Thursday, March 31st , 2022 - OOTP Baseball 22.12 Build 89